 Dungeon Sprint DCSS version 0.17-a0-1719-g1afd5a1 (webtiles) character file.

10999 Kidiri the Tortoise (level 11, -7/104 HPs)
             Began as a Minotaur Fighter on Aug 28, 2015.
             Was a High Priest of Okawaru.
             Mangled by Wiglaf
             ... wielding a +0 battleaxe of draining
              (36 damage)
             ... in the Dungeon (Sprint VII: "The Pits").
             The game lasted 00:10:59 (2190 turns).

Kidiri the Tortoise (Minotaur Fighter)              Turns: 2190, Time: 00:10:59

Health: -7/104     AC: 22    Str: 26    XL:     11   Next: 43%
Magic:  15/17      EV: 16    Int: 10    God:    Okawaru [*****.]
Gold:   14         SH:  0    Dex: 11    Spells: 0 memorised, 10 levels left

rFire  . . .     SeeInvis .     H - +0 battleaxe (freeze)
rCold  . . .     Clarity  .     y - +4 chain mail
rNeg   . . .     SustAt   .     (no shield)
rPois  .         Gourm    .     (helmet restricted)
rElec  .         Spirit   .     t - +0 cloak
rCorr  .         Warding  .     (no gloves)
rMut   .         NoTele   +     (no boots)
MR     .....                    (no amulet)
Stlth  ..........               u - +3 ring of strength
                                l - +3 ring of intelligence

@: heroism, heavily drained, not resistant to hostile enchantments, extremely
unstealthy
A: retaliatory headbutt, hooves 1, horns 2, yellow scales 1, blurry vision 1,
clever 1, spit poison 1, subdued magic 1
a: Spit Poison, Heroism, Finesse, Renounce Religion


You were in the Dungeon.
You worshipped Okawaru.
Okawaru was extremely pleased with you.
You were not hungry.

You visited 1 branch You collected 14 gold pieces.

Inventory:

Hand weapons
 a - the +8 hand crossbow "Noriprex" {freeze, rC+ rN+}
   (Okawaru gifted it to you in the Dungeon)

   It causes projectiles fired from it to freeze those they strike, causing
   extra injury to most foes and up to half again as much damage against
   particularly susceptible opponents.
   They can also slow down cold-blooded creatures.
   It protects you from cold.
   It protects you from negative energy.
 G - a +0 war axe of flaming
 H - a +0 battleaxe of freezing (weapon)
Missiles
 b - 16 bolts of flame
 s - 12 bolts
Armour
 t - a +0 cloak (worn)
 y - a +4 chain mail (worn)
Jewellery
 l - a +3 ring of intelligence (left hand)
 u - a +3 ring of strength (right hand)
 D - an uncursed ring of protection from cold
 F - an uncursed ring of protection from magic
Scrolls
 k - 2 scrolls of blinking
 p - 6 scrolls of remove curse
 q - 6 scrolls of amnesia
 r - a scroll of summoning
 z - a scroll of fear
 A - 4 scrolls of fog
 C - a scroll of identify
Potions
 d - 3 potions of might
 f - 9 potions of curing
 g - 6 potions of heal wounds
 h - 2 potions of haste
 i - 4 potions of magic
 j - 5 potions of berserk rage
 o - 2 potions of invisibility
 v - a potion of brilliance
 w - 2 potions of agility
 B - a potion of cure mutation
Comestibles
 e - 7 bread rations
 m - 40 fruits
 n - 9 meat rations
 E - a slice of pizza


   Skills:
 + Level 11.7(13.6) Fighting
 * Level 15.4(17.0) Axes
 + Level 5.8(8.1) Crossbows
 * Level 15.7(17.4) Armour
 * Level 14.2(16.0) Dodging
   Level 11.7(13.6) Shields
 + Level 9.7(7.1) Invocations


You had 10 spell levels left.
You didn't know any spells.

Dungeon Overview and Level Annotations

Branches:
Dungeon (1/1)

Altars:
Ashenzari
Cheibriados
Dithmenos
Elyvilon
Fedhas
Gozag
Kikubaaqudgha
Makhleb
Nemelex Xobeh
Okawaru
Qazlal
Ru
Sif Muna
Trog
Vehumet
Xom
Yredelemnul
Zin
The Shining One
Beogh
Jiyva
Lugonu

Annotations:
D Wiglaf


Innate Abilities, Weirdness & Mutations

You reflexively headbutt those who attack you in melee.
You have a pair of horns on your head.
You have large cloven feet.
You are partially covered in yellow scales (AC +2).
Scrolls take you a little longer to read.
Your mind is acute. (Int +2)
You can spit weak poison.
Your spells are a little easier to cast, but a little less powerful.


Message History

You slash Wiglaf! You freeze Wiglaf. Your kick misses Wiglaf.
You headbutt Wiglaf.
Wiglaf is severely wounded.
Wiglaf hits you with a battleaxe of draining!!
You feel drained.
* * * LOW HITPOINT WARNING * * *
Your chain mail prevents you from hitting Wiglaf.
You headbutt Wiglaf.
Wiglaf is severely wounded.
Wiglaf hits you but does no damage.
You feel drained.
Drink which item? (? for menu, Esc to quit)
You feel much better.
Wiglaf hits you with a battleaxe of draining!!!
* * * LOW HITPOINT WARNING * * *
You feel drained.
* * * LOW HITPOINT WARNING * * *
Drink which item? (? for menu, Esc to quit)
You feel much better.
Wiglaf hits you with a battleaxe of draining!!!
You die...

#++###### #.....(.(
#..(.(((. #@g# #..#
#..# ####### #..#
..##..# #..#
..##..# #..#
..''..# #..#
..''.(##########..#
..##..........)...#


You could see Wiglaf.

Vanquished Creatures
  A frost giant (D)
  Harold (D)
  An unseen horror (D)
  A sea snake (D)
  A phantasmal warrior (D)
  2 flayed ghosts (D)
  An elephant (D)
  2 black mambas (D)
  Joseph (D)
  A yaktaur (D)
  A hellwing (D)
  A kobold demonologist (D)
  A wind drake (D)
  4 blink frogs (D)
  A boulder beetle (D)
  2 polar bears (D)
  A two-headed ogre (D)
  A wraith (D)
  A tarantella (D)
  A deep elf fighter (D)
  Grum (D)
  A hippogriff (D)
  7 wolves (D)
  A soldier ant (D)
  A swamp drake (D)
  A sky beast (D)
  An orc warrior (D)
  A phantom (D)
  A big kobold (D)
  A brain worm (D)
  5 wights (D)
  3 killer bees (D)
  3 hounds (D)
  2 orc wizards (D)
  Crazy Yiuf (D)
  An orc priest (D)
  An iguana (D)
  8 sheep (D)
  A river rat (D)
  An adder (D)
  2 giant eyeballs (D)
  An ufetubus (D)
  An adder zombie (D)
  2 worms (D)
  9 orcs (D)
  A bat simulacrum (D)
  A giant cockroach (D)
  2 hobgoblins (D)
  2 jackals (D)
  2 quokkas (D)
  A ball python (D)
  A giant cockroach zombie (D)
  A giant newt (D)
  A jackal zombie (D)
  5 kobolds (D)
100 creatures vanquished.

Notes
Turn   | Place    | Note
--------------------------------------------------------------
     0 | D        | Kidiri the Minotaur Fighter began the quest for the Orb.
     0 | D        | Reached XP level 1. HP: 19/19 MP: 0/0
    58 | D        | Found a sacrificial altar of Ru.
    58 | D        | Found a basalt altar of Yredelemnul.
    58 | D        | Found a shadowy altar of Dithmenos.
    58 | D        | Found a deep blue altar of Sif Muna.
    58 | D        | Found a burning altar of Makhleb.
    58 | D        | Found a shimmering altar of Xom.
    58 | D        | Found an ancient bone altar of Kikubaaqudgha.
    58 | D        | Found a sparkling altar of Nemelex Xobeh.
    59 | D        | Found a glowing golden altar of the Shining One.
    59 | D        | Found a bloodstained altar of Trog.
    59 | D        | Found a shattered altar of Ashenzari.
    59 | D        | Found a white marble altar of Elyvilon.
    59 | D        | Found a snail-covered altar of Cheibriados.
    59 | D        | Found a blossoming altar of Fedhas.
    59 | D        | Found a radiant altar of Vehumet.
    59 | D        | Found a glowing silver altar of Zin.
    59 | D        | Found a corrupted altar of Lugonu.
    59 | D        | Found a viscous altar of Jiyva.
    59 | D        | Found a roughly hewn altar of Beogh.
    59 | D        | Found an iron altar of Okawaru.
    65 | D        | Found a stormy altar of Qazlal.
    66 | D        | Found an opulent altar of Gozag.
    68 | D        | Became a worshipper of Warmaster Okawaru
    85 | D        | Reached skill level 1 in Dodging
    86 | D        | Paralysed by a giant eyeball for 4 turns
    93 | D        | Reached skill level 4 in Armour
   202 | D        | Reached XP level 2. HP: 24/27 MP: 1/1
   207 | D        | Reached skill level 1 in Invocations
   302 | D        | Noticed a brain worm
   311 | D        | Killed a brain worm
   311 | D        | Reached skill level 5 in Axes
   311 | D        | Reached skill level 5 in Armour
   311 | D        | Reached XP level 3. HP: 26/34 MP: 1/3
   311 | D        | Reached XP level 4. HP: 31/41 MP: 1/4
   313 | D        | Paralysed by a giant eyeball for 4 turns
   452 | D        | Noticed an orc wizard
   452 | D        | Noticed a hound
   457 | D        | Killed an orc wizard
   457 | D        | Reached skill level 5 in Fighting
   457 | D        | Reached skill level 6 in Armour
   457 | D        | Reached skill level 5 in Shields
   460 | D        | Reached skill level 5 in Dodging
   466 | D        | Killed a hound
   466 | D        | Acquired Okawaru's first power
   466 | D        | Reached XP level 5. HP: 41/48 MP: 4/6
   512 | D        | Noticed a polar bear
   523 | D        | Killed a polar bear
   523 | D        | Reached skill level 7 in Axes
   523 | D        | Reached skill level 8 in Armour
   523 | D        | Reached XP level 6. HP: 20/58 MP: 4/8
   528 | D        | Noticed a wight
   528 | D        | Noticed a wight
   547 | D        | Killed a wight
   549 | D        | Killed a wight
   619 | D        | Noticed a hellwing
   636 | D        | Killed a hellwing
   636 | D        | Reached skill level 9 in Axes
   636 | D        | Reached skill level 5 in Invocations
   636 | D        | Reached XP level 7. HP: 57/66 MP: 7/9
   784 | D        | Noticed a hound
   785 | D        | Noticed an iguana
   785 | D        | Noticed a flayed ghost
   790 | D        | Killed an iguana
   792 | D        | Killed a hound
   798 | D        | Killed a flayed ghost
   798 | D        | Reached skill level 10 in Axes
   798 | D        | Reached skill level 10 in Armour
   798 | D        | Reached XP level 8. HP: 67/74 MP: 9/11
   831 | D        | Noticed a wolf
   832 | D        | Noticed a wolf
   832 | D        | Noticed a wolf
   834 | D        | Noticed a wolf
   836 | D        | Killed a wolf
   837 | D        | Noticed a wight
   838 | D        | Noticed Grum
   842 | D        | Noticed a wolf
   845 | D        | Noticed an orc wizard
   845 | D        | Noticed a wight
   845 | D        | Reached skill level 11 in Armour
   849 | D        | Killed a wolf
   849 | D        | Reached skill level 10 in Dodging
   859 | D        | Noticed a wolf
   865 | D        | Killed a wolf
   866 | D        | Noticed a wolf
   867 | D        | Killed a wolf
   868 | D        | Noticed a sky beast
   874 | D        | Killed a wolf
   878 | D        | Killed a wight
   878 | D        | Reached XP level 9. HP: 58/82 MP: 11/13
   878 | D        | Killed a wolf
   878 | D        | Reached skill level 12 in Armour
   882 | D        | Killed an orc wizard
   884 | D        | Killed Grum
   889 | D        | Killed a wolf
   891 | D        | Killed a wight
   892 | D        | Killed a sky beast
   893 | D        | Noticed a wight
   902 | D        | Killed a wight
   930 | D        | Gained mutation: Your mind is acute. (Int +2) [mutagenic meat]
   931 | D        | Gained mutation: Your spells are a little easier to cast, but a little less powerful. [mutagenic meat]
   932 | D        | Gained mutation: You can spit weak poison. [mutagenic meat]
   933 | D        | Gained mutation: You have large cloven feet. [mutagenic meat]
   934 | D        | Gained mutation: Scrolls take you a little longer to read. [mutagenic meat]
   935 | D        | Gained mutation: You are partially covered in yellow scales (AC +2). [mutagenic meat]
  1056 | D        | Noticed a soldier ant
  1056 | D        | Noticed a hippogriff
  1059 | D        | Killed a soldier ant
  1061 | D        | Killed a hippogriff
  1087 | D        | Noticed a swamp drake
  1095 | D        | Killed a swamp drake
  1098 | D        | Noticed a flayed ghost
  1102 | D        | Noticed a wraith
  1114 | D        | Killed a flayed ghost
  1114 | D        | Reached skill level 13 in Armour
  1117 | D        | Killed a wraith
  1117 | D        | Acquired Okawaru's second power
  1117 | D        | Reached skill level 10 in Shields
  1121 | D        | Noticed a boulder beetle
  1122 | D        | Noticed a tarantella
  1122 | D        | Noticed a deep elf fighter
  1125 | D        | Killed a tarantella
  1130 | D        | Killed a deep elf fighter
  1130 | D        | Received a gift from Okawaru
  1142 | D        | Killed a boulder beetle
  1142 | D        | Reached skill level 10 in Fighting
  1142 | D        | Reached XP level 10. HP: 51/93 MP: 14/14
  1149 | D        | Got a dazzling hand crossbow {god gift}
  1150 | D        | Identified the +8 hand crossbow "Noriprex" {freeze, rC+ rN+} (Okawaru gifted it to you in the Dungeon)
  1180 | D        | Noticed a wind drake
  1182 | D        | Noticed a phantasmal warrior
  1186 | D        | Killed a wind drake
  1196 | D        | Killed a phantasmal warrior
  1196 | D        | Reached skill level 1 in Crossbows
  1203 | D        | Noticed a big kobold
  1204 | D        | Noticed a kobold demonologist
  1206 | D        | Noticed Harold
  1207 | D        | Noticed a sun demon
  1217 | D        | Killed a big kobold
  1223 | D        | Killed a kobold demonologist
  1234 | D        | Killed an unseen horror
  1234 | D        | Reached skill level 14 in Armour
  1235 | D        | Killed Harold
  1462 | D        | Noticed a blink frog
  1462 | D        | Noticed a yaktaur
  1462 | D        | Noticed Crazy Yiuf
  1462 | D        | Noticed a phantom
  1462 | D        | Noticed a polar bear
  1463 | D        | Noticed a blink frog
  1463 | D        | Noticed a blink frog
  1463 | D        | Noticed a hound
  1463 | D        | Noticed an elephant
  1463 | D        | Noticed a two-headed ogre
  1464 | D        | Noticed a blink frog
  1464 | D        | Noticed a black mamba
  1468 | D        | Killed a blink frog
  1469 | D        | Killed Crazy Yiuf
  1469 | D        | Killed a blink frog
  1472 | D        | Killed a polar bear
  1474 | D        | Killed a hound
  1475 | D        | Killed a black mamba
  1476 | D        | Killed a two-headed ogre
  1480 | D        | Killed an elephant
  1480 | D        | Reached XP level 11. HP: 100/102 MP: 9/16
  1483 | D        | Killed a blink frog
  1484 | D        | Killed a yaktaur
  1484 | D        | Reached skill level 15 in Armour
  1485 | D        | Killed a phantom
  1487 | D        | Killed a blink frog
  1714 | D        | Noticed a black mamba
  1714 | D        | Noticed Joseph
  1722 | D        | Killed a black mamba
  1731 | D        | Killed Joseph
  1731 | D        | Reached skill level 5 in Crossbows
  1967 | D        | Noticed a killer bee
  1967 | D        | Noticed a killer bee
  1967 | D        | Noticed a frost giant
  1967 | D        | Noticed a sea snake
  1973 | D        | Killed a killer bee
  1975 | D        | Noticed a killer bee
  1987 | D        | Killed a sea snake
  1987 | D        | Reached skill level 15 in Axes
  1992 | D        | Killed a frost giant
  1992 | D        | Received a gift from Okawaru
  1993 | D        | Killed a killer bee
  1998 | D        | Killed a killer bee
  2169 | D        | Noticed an orc priest
  2170 | D        | Noticed an orc warrior
  2172 | D        | Killed an orc warrior
  2173 | D        | Noticed Wiglaf
  2173 | D        | Killed an orc priest
  2189 | D        | HP: 1/104 [Wiglaf/battleaxe of draining (10)]
  2190 | D        | Mangled by Wiglaf

Vault maps used:
D:        pitsprint

Action                   |  1- 3 |  4- 6 |  7- 9 | 10-12 || total
-------------------------+-------+-------+-------+-------++-------
Melee: War axe           |    19 |    70 |   107 |    89 ||   285
       Battleaxe         |       |       |       |     7 ||     7
 Fire: Hand crossbow     |       |       |       |    14 ||    14
Invok: Heroism           |       |     2 |     3 |     5 ||    10
       Finesse           |       |       |       |     3 ||     3
  Use: Potion            |       |     2 |     1 |     7 ||    10
       Scroll            |       |       |       |     1 ||     1
  Eat: Chunk             |       |       |     7 |     3 ||    10
       Bread ration      |       |       |       |     1 ||     1
